 Dungeon Crawl Stone Soup version 0.24.0-123-gd5b16e6ec5 (webtiles) character file.

Game seed: 17748322245084774597, levelgen mode: deterministic

189 Mrkan the Chopper (level 5, -2/47 HPs)
             Began as a Draconian Berserker on Jan 6, 2020.
             Was a Believer of Trog.
             Killed from afar by Dowan (6 damage)
             ... with a puff of frost
             ... on level 4 of the Dungeon.
             The game lasted 00:03:24 (3137 turns).

Mrkan the Chopper (Draconian Berserker)             Turns: 3137, Time: 00:03:25

Health: -2/47      AC:  5    Str: 20    XL:     5   Next: 40%
Magic:  5/5        EV: 13    Int:  7    God:    Trog [**....]
Gold:   262        SH:  0    Dex: 11    Spells: 4/4 levels left

rFire    . . .     SeeInvis .   a - +0 hand axe
rCold    . . .     Gourm    .   (no shield)
rNeg     . . .     Faith    .   (armour unavailable)
rPois    .         Spirit   .   (helmet restricted)
rElec    .         Reflect  .   (no cloak)
rCorr    .         Harm     .   (no gloves)
MR       .....                  (no boots)
Stlth    +.........             (no amulet)
HPRegen  0.15/turn              (no ring)
MPRegen  0.09/turn              (no ring)

@: berserk cooldown, slowed, very slow
A: unfitting armour, cold-blooded, AC +5
a: Berserk, Trog's Hand, Renounce Religion


You were on level 4 of the Dungeon.
You worshipped Trog.
Trog was pleased with you.
You were near starving.

You visited 1 branch of the dungeon, and saw 4 of its levels.

You collected 262 gold pieces.

Inventory:

Hand Weapons
 a - a +0 hand axe (weapon)
Jewellery
 d - an uncursed ring of protection from cold {unknown}
 m - an uncursed ring of wizardry {unknown}
 r - an uncursed ring of protection from fire {unknown}
Scrolls
 c - a scroll of noise {unknown}
 e - 3 scrolls of enchant armour {unknown}
 g - 10 scrolls of identify {unknown}
 j - 2 scrolls of teleportation {unknown}
 k - a scroll of fear {unknown}
 l - a scroll of enchant weapon {unknown}
 p - a scroll of fog {unknown}
Potions
 f - a potion of haste {unknown}
 h - 4 potions of heal wounds {unknown}
 i - 2 potions of agility {unknown}
 n - a potion of brilliance {unknown}
 o - a potion of flight {unknown}
 q - a potion of curing {unknown}
 s - a potion of ambrosia {unknown}
 t - 2 potions of lignification {unknown}
Comestibles
 b - 11 rations


   Skills:
 + Level 4.4 Fighting
 * Level 4.8 Axes
 + Level 3.6 Dodging


You had 4 spell levels left.
You didn't know any spells.
Your spell library was empty.

Dungeon Overview and Level Annotations

Branches:
Dungeon (4/15)
 Temple: D:4-7

Altars:
Ru
Uskayaw

Annotations:
D:4 Dowan, Duvessa


Innate Abilities, Weirdness & Mutations

Your plain brown scales are hard. (AC +5)
You cannot fit into any form of body armour.
You are cold-blooded and may be slowed by cold attacks.


Message History

You are exhausted.
You feel yourself slow down. Duvessa hits you with a +0 short sword!
You barely miss Duvessa.
You tail-slap Duvessa, but do no damage.
Duvessa is moderately wounded.
You hit Dowan but do no damage. Duvessa hits you with a +0 short sword!
Dowan points at you and mumbles some strange words.
The puff of frost hits you! Duvessa barely misses you.
You hit Duvessa.
Duvessa is moderately wounded.
You hit Dowan. Duvessa hits you but does no damage. Dowan closely misses you.
Duvessa hits you with a +0 short sword.
* * * LOW HITPOINT WARNING * * *
Dowan hits you with a +2 dagger of holy wrath.
* * * LOW HITPOINT WARNING * * *
Duvessa hits you with a +0 short sword.
* * * LOW HITPOINT WARNING * * *
Dowan casts a spell at you. The puff of frost hits you.
You die...

...## ########.##.. .....
########........##.. ..>
................##.. ..
#.#########...##...####
....#.........'...+....####
........#######...##.......
...##.#.#..[..##########...
. ...#.#.....# #.##
######.#e@...# #...
#......'e....+ ....
#......#.....# #####
#......#.....#
#......#.....#
#......#.....#
#......#.....#
#......#.....#
######...)..#.....#


You could see Duvessa and Dowan.

Vanquished Creatures
  A howler monkey (D:4)
  A centaur skeleton (D:4)
  3 adders
  3 dart slugs
  2 worms
  3 leopard geckos
  An orc (D:3)
  5 ball pythons
  5 giant cockroaches
  9 goblins
  11 hobgoblins
  10 jackals
  9 kobolds
  7 bats
  3 frilled lizards
  4 rats
77 creatures vanquished.

Notes
Turn   | Place    | Note
-------+----------+-------------------------------------------
     0 | D:1      | Mrkan the Draconian Berserker began the quest for the Orb.
     0 | D:1      | Reached XP level 1. HP: 19/19 MP: 1/1
    60 | D:1      | Reached XP level 2. HP: 10/26 MP: 2/2
   872 | D:2      | Reached XP level 3. HP: 33/33 MP: 3/3
  1130 | D:2      | Reached ** piety under Trog
  1580 | D:2      | Found a hide-covered altar of Uskayaw.
  1672 | D:2      | Reached XP level 4. HP: 40/40 MP: 4/4
  2121 | D:3      | Found a faded altar of an unknown god.
  2709 | D:4      | Reached XP level 5. HP: 29/46 MP: 5/5
  3054 | D:4      | Found a sacrificial altar of Ru.
  3127 | D:4      | Noticed Duvessa
  3129 | D:4      | Noticed Dowan
  3137 | D:4      | Killed from afar by Dowan

Levels and vault maps discovered:
D:1:      dpeg_arrival_tiny_d, layout_loops_cross
D:2:      layout_basic, eat_drink_and_be_merry_uskayaw
D:3:      layout_loops_corners, first_ration, chequers_ecumenical_altar_simple,
          mrwooster_statue_mirror
D:4:      layout_basic, nicolae_overflow_crystal_walls,
          okawaru_metal_pillars_1_2, nicolae_dithmenos_through_a_glass_darkly,
          uniq_blork_the_orc, uniq_duvessa

Skill      XL: |  1  2  3  4 |
---------------+-------------+-----
Dodging        | 3 |  3.6
Axes           | 4 |  4.8
Fighting       | 4 |  4.4

Action                   |  1- 3 |  4- 6 || total
-------------------------+-------+-------++-------
Melee: Hand axe          |    97 |   122 ||   219
       Tailslap          |    10 |    17 ||    27
Invok: Berserk           |     1 |     1 ||     2
 Stab: Sleeping          |     3 |     1 ||     4
  Eat: Chunk             |     3 |     4 ||     7
Armor: Skin              |    36 |    33 ||    69
Dodge: Dodged            |    78 |    98 ||   176
